 Dungeon Crawl Stone Soup version 0.30-a0-862-g1aabd4f9c5 (webtiles) character file.

Game seed: 14347177712220329212

47 cforsyth the Magician (level 3, 0/19 HPs)
             Began as a Deep Elf Earth Elementalist on Mar 8, 2023.
             Succumbed to an adder's poison
             ... on level 1 of the Dungeon.
             The game lasted 00:01:35 (1439 turns).

cforsyth the Magician (Deep Elf Earth Elementalist) Turns: 1439, Time: 00:01:36

Health: 0/19       AC:  3    Str:  5    XL:     3   Next: 48%
Magic:  9/10       EV: 12    Int: 21    God:
Gold:   65         SH:  0    Dex: 15    Spells: 9/10 levels left

rFire   . . .      SeeInvis .    (no weapon)
rCold   . . .      Faith    .    (no shield)
rNeg    . . .      Spirit   .    a - +0 robe
rPois   .          Reflect  .    (no helmet)
rElec   .          Rampage  .    (no cloak)
rCorr   .                        (no gloves)
Will    .....                    c - +0 pair of boots
Stlth   ++                       (no amulet)
HPRegen 0.23/turn                (no ring)
MPRegen 0.12/turn                (no ring)

@: lethally poisoned (0 -> -4)
A: no striking features
a: no special abilities


You were on level 1 of the Dungeon.
You visited 1 branch of the dungeon, and saw 2 of its levels.

You collected 65 gold pieces.

Inventory:

Armour
 a - a +0 robe (worn)
 c - a +0 pair of boots (worn)
Scrolls
 e - a scroll of acquirement {unknown}
 g - 4 scrolls of identify {unknown}
 j - a scroll of summoning {unknown}
Potions
 b - a potion of magic
 d - a potion of might {unknown}
 f - a potion of lignification {unknown}
 h - 2 potions of haste {unknown}
 i - a potion of degeneration {unknown}
 k - a potion of mutation {unknown}


   Skills:
 - Level 2.4 Dodging
 - Level 2.4 Stealth
 + Level 4.3 Spellcasting
 - Level 1.1 Transmutations
 + Level 4.2 Earth Magic


You had 9 spell levels left.
You knew the following spells:

 Your Spells              Type           Power      Damage    Failure   Level
a - Sandblast             Erth           44%        2d11      1%          1

Your spell library contained the following spells:

 Spells                   Type           Power      Damage    Failure   Level
 Passwall                 Tmut/Erth      12%        N/A       6%          2
 Stone Arrow              Conj/Erth      26%        3d8       14%         3
 Petrify                  Tmut/Erth      15%        N/A       36%         4


Dungeon Overview and Level Annotations

Branches:
Dungeon (2/15)

Altars:

Annotations:
D:2 Sigmund


Message History

Aiming: Sandblast (safe; 1% risk of failure)
Press: ? - help, Shift-Dir - straight line, f/p - Sigmund
Aim: Sigmund, wielding a +5 heavy scythe and wearing a +1 robe of cold resistance (moderately wounded, 81% to hit)
Okay, then.
The adder attacks as you move away! The adder bites you.
Sigmund screams, "Only death can liberate you!"
Sigmund casts a spell.
Sigmund flickers and vanishes!
Deactivating autopickup; reactivate with Ctrl-A.
The adder barely misses you. The adder closely misses you.
The adder attacks as you move away! The adder closely misses you.
The adder attacks as you move away! The adder closely misses you. x2
The adder attacks as you move away! The adder barely misses you.
The adder bites you. The adder attacks as you move away!
The adder barely misses you.
Found a stone staircase leading up.
The adder attacks as you move away! The adder bites you but does no damage.
The adder bites you. The adder attacks as you move away!
The adder closely misses you. The adder attacks as you move away!
The adder closely misses you. The adder bites you but does no damage.
There is a stone staircase leading up here.
The adder bites you. x2
* * * LOW HITPOINT WARNING * * *
You are lethally poisoned!
The adder poisons you!
You climb upwards.
Reactivating autopickup.
* * * LOW HITPOINT WARNING * * *
You feel very sick.
There is a stone staircase leading down here.
Casting: Sandblast (safe; 1% risk of failure)
Confirm with . or Enter, or press ? or * to list all spells.
Aiming: Sandblast (safe; 1% risk of failure)
Press: ? - help, Shift-Dir - straight line, f - adder
Aim: an adder (lightly wounded, 72% to hit)
The blast of sand hits the adder!
You kill the adder!
You die...

#....#)..#....#....##....
#.#..#...#...##...##...##
##.#....#.#...#....#...##.
#..#.##...#...'....#...##.
#.##.####.#...#....#...##.
#.##.####.#...##...##...##
♣♣♣♣♣♣♣♣..#...#....#....##....
##♣P...♣♣♣♣.#.#†##...##....###..
#....P..♣...#.#@.#....##.....###
#.♣♣♣P♣..P♣##.##.##....###......
#..♣♣♣♣♣♣♣♣...##..##.....####...
##.########...###..##.......####
#....#...#...# ##..####........
####...♣.♣...# ##....####.....
##........# ##......######
###♣.♣...# #..####.......
#.#...# #.######......


There were no monsters in sight!

Vanquished Creatures
  2 adders
  A worm (D:2)
  A dart slug (D:2)
  4 ball pythons
  4 giant cockroaches
  4 goblins (D:1)
  3 hobgoblins
  2 kobolds (D:1)
  3 quokkas
  5 bats
  A frilled lizard (D:1)
30 creatures vanquished.

Vanquished Creatures (others)
  A giant cockroach (D:1)
1 creature vanquished.

Grand Total: 31 creatures vanquished

Notes
Turn   | Place    | Note
-------+----------+-------------------------------------------
     0 | D:1      | cforsyth the Deep Elf Earth Elementalist began the quest
                  | for the Orb.
     0 | D:1      | Reached XP level 1. HP: 10/10 MP: 6/6
   360 | D:1      | Reached XP level 2. HP: 15/15 MP: 4/8
  1193 | D:2      | Reached XP level 3. HP: 19/19 MP: 4/10
  1355 | D:2      | Found a faded altar of an unknown god.
  1410 | D:2      | Noticed Sigmund
  1439 | D:1      | Succumbed to an adder's poison

Illustrated notes

Levels and vault maps discovered:
D:1:      dpeg_arrival_circle_labyrinth_a, layout_rooms, serial_forest,
          infiniplex_forest_lined_room_, infiniplex_forest_zigzag_1,
          infiniplex_forest_end_3, infiniplex_forest_clump_diagonal,
          infiniplex_forest_lined_3, infiniplex_forest_clump_small,
          minmay_misc_feat_diagonals, lemuel_flame_loot_1
D:2:      layout_basic, basic_altar, hellmonk_ecumenical_altar_zigzags,
          uniq_sigmund, uniq_robin

Skill      XL: |  1  2 |
---------------+-------+-----
Spellcasting   | 4 |  4.3
Earth Magic    | 4 |  4.2
Dodging        | |  2.4
Stealth        | |  2.4
Transmutations | |  1.1

Action                     || total
---------------------------++-------
   Cast: Sandblast         ||    51
 Armour: Robe              ||     6
  Dodge: Dodged            ||    20

Table legend: (Time is in decaauts)
 A = Elapsed time spent in this place.
 B = Non-inter-level travel time spent in this place.
 C = Inter-level travel time spent in this place.
 D = Time resting spent in this place.
 E = Time spent auto-exploring this place.
 F = Levels seen in this place.
 G = Mean time per level.
                   A        B        C        D        E       F      G
               +--------+--------+--------+--------+--------+-----+--------+
         Total |   1464 |   1422 |     42 |      0 |   1217 |   2 |  732.0 |
       Dungeon |   1464 |   1422 |     42 |      0 |   1217 |   2 |  732.0 |
               +--------+--------+--------+--------+--------+-----+--------+

Top non-repeatable levels by time:
     D:1: 1118 daAuts
     D:2: 345 daAuts
